 Dungeon Crawl Stone Soup version 0.26-a0-497-g0187308201 (webtiles) character file.

Game seed: 4476614033893740284

42 ANON1729 the Sneak (level 3, -1/51 HPs)
             Began as a Naga Monk on Aug 6, 2020.
             Slain by a hobgoblin (5 damage)
             ... on level 2 of the Dungeon.
             The game lasted 00:00:54 (1033 turns).

ANON1729 the Sneak (Naga Monk)                      Turns: 1033, Time: 00:00:54

Health: -1/51      AC:  2    Str: 13    XL:     3   Next: 56%
Magic:  3/3        EV: 11    Int: 10    God:
Gold:   58         SH:  0    Dex: 14    Spells: 2/2 levels left

rFire    . . .     SeeInvis +   a - +0 falchion
rCold    . . .     Faith    .   (no shield)
rNeg     . . .     Spirit   .   b - +0 robe
rPois    +         Reflect  .   (no helmet)
rElec    .         Harm     .   (no cloak)
rCorr    .                      (no gloves)
MR       .....                  (no barding)
Stlth    ..........             (no amulet)
HPRegen  0.17/turn              (no ring)
MPRegen  0.08/turn              (no ring)

@: berserking (expiring), lethally poisoned (-1 -> -2), quick
A: large, see invisible, deformed body, poison resistance, slowness 2, spit
poison 1, AC +1
a: Spit Poison


You were on level 2 of the Dungeon.
You visited 1 branch of the dungeon, and saw 2 of its levels.

You collected 58 gold pieces.

Inventory:

Hand Weapons
 a - a +0 falchion (weapon)
 l - a +3 dagger of holy wrath
Armour
 b - a +0 robe (worn)
Scrolls
 c - a scroll of noise {unknown}
 d - a scroll of fear {unknown}
 g - a scroll of teleportation {unknown}
 k - 2 scrolls of identify {unknown}
 m - a scroll of enchant armour {unknown}
Potions
 e - a potion of haste {unknown}
 f - a potion of berserk rage
 h - a potion of curing {unknown}
 i - a potion of degeneration {unknown}
 j - a potion of brilliance {unknown}


   Skills:
 + Level 3.4 Fighting
 + Level 3.4 Long Blades
 + Level 2.8 Dodging
 + Level 3.9 Stealth


You had 2 spell levels left.
You didn't know any spells.
Your spell library was empty.

Dungeon Overview and Level Annotations

Branches:
Dungeon (2/15)

Altars:
Ru


Innate Abilities, Weirdness & Mutations

You cannot wear boots.
Your serpentine skin is tough. (AC +1)
You have supernaturally acute eyesight. (SInv)
Armour fits poorly on your strangely shaped body.
Your system is resistant to poisons. (rPois)
You cover ground very slowly.
You can spit poison.


Message History

It was a potion of berserk rage.
A red film seems to cover your vision as you go berserk!
You feel yourself moving faster!
You feel mighty!
You feel sick. The adder bites you but does no damage.
The adder barely misses you.
You miss the adder. The adder bites you but does no damage.
You closely miss the adder.
You have got your breath back.
You feel sick. The adder closely misses you.
You slash the adder!
The adder is severely wounded.
The adder barely misses you.
You slash the adder!
You kill the adder!
You hit the hobgoblin but do no damage. You hit the hobgoblin but do no damage.
The hobgoblin hits you.
* * * LOW HITPOINT WARNING * * *
You hit the hobgoblin.
The hobgoblin is heavily wounded.
You feel sick. The hobgoblin hits you.
You die...

####.>.....# ...........
.# ........... #.#
......... #.# #......#
#.# #.....# #.# #.....#
#.# ####(#####.# #
#.....g@...#############
#....(###...............
#........#
#.#########.#.##
.........# #.# .........
.........# #.#
#####..... .........#
#.# #.#........#
.........# #.#
#.#.#####... .........#
#.# #.#.#####.##
######### #.#
#.#.##....##


You could see a hobgoblin.

Vanquished Creatures
  3 adders (D:2)
  A dart slug (D:2)
  A leopard gecko (D:2)
  A ball python (D:2)
  3 goblins (D:1)
  A hobgoblin (D:1)
  A bat (D:1)
  A kobold (D:2)
  3 rats (D:1)
15 creatures vanquished.

Vanquished Creatures (others)
  10 toadstools (D:2)
10 creatures vanquished.

Grand Total: 25 creatures vanquished

Notes
Turn   | Place    | Note
-------+----------+-------------------------------------------
     0 | D:1      | ANON1729 the Naga Monk began the quest for the Orb.
     0 | D:1      | Reached XP level 1. HP: 21/21 MP: 1/1
     6 | D:1      | Noticed a swamp worm
     6 | D:1      | Noticed a wolf
     6 | D:1      | Noticed a swamp drake
     7 | D:1      | Noticed a polar bear
     7 | D:1      | Noticed a worker ant
   422 | D:1      | Reached XP level 2. HP: 26/28 MP: 2/2
   603 | D:2      | HP: 1/28 [adder (4)]
   929 | D:2      | Found a sacrificial altar of Ru.
  1012 | D:2      | Reached XP level 3. HP: 25/34 MP: 3/3
  1033 | D:2      | Slain by a hobgoblin

Illustrated notes

Levels and vault maps discovered:
D:1:      onia_arrival_zoo_common, layout_basic
D:2:      cheibrodos_fertilizer, layout_basic, nicolae_overflow_hidden_temple,
          old_standard_altar, minmay_puff

Action                   || total
-------------------------++-------
Melee: Falchion          ||    34
       Dagger            ||    14
 Abil: Spit Poison       ||     2
  Use: Potion            ||     1
 Stab: Sleeping          ||     1
Armor: Robe              ||     8
Dodge: Dodged            ||    26
       Rpst.: Falchion   ||     7

Table legend: (Time is in decaauts)
 A = Elapsed time spent in this place.
 B = Non-inter-level travel time spent in this place.
 C = Inter-level travel time spent in this place.
 D = Time resting spent in this place.
 E = Time spent auto-exploring this place.
 F = Levels seen in this place.
 G = Mean time per level.
                   A        B        C        D        E       F      G
               +--------+--------+--------+--------+--------+-----+--------+
         Total |   1302 |   1285 |     17 |    288 |    858 |   2 |  651.0 |
       Dungeon |   1302 |   1285 |     17 |    288 |    858 |   2 |  651.0 |
               +--------+--------+--------+--------+--------+-----+--------+

Top non-repeatable levels by time:
     D:1: 749 daAuts
     D:2: 552 daAuts
